[Event "Team 45 45 League T68"]
[Site "Internet Chess Club"]
[Date "2016.03.11"]
[Round "1"]
[White "bayoumicardio10"]
[Black "Scorpius"]
[Result "1-0"]
[WhiteElo "1520"]
[BlackElo "1378"]
[Opening "Petrov: Nimzovich attack"]
[ECO "C42"]
[Time "17:04:34"]
[TimeControl "2700+45"]

1. e4 e5 2. Nf3 Nf6 3. Nxe5 d6 4. Nf3 Nxe4 5. Nc3 Nxc3 6. dxc3 Be7 7. Be3 Be6 8.
Qd2 Nc6 9. O-O-O Qd7 10. Be2 O-O-O 11. Ng5 Bxg5 12. Bxg5 f6 13. Be3 Kb8 14. Rhe1
Qf7 15. b3 Rhe8 16. Bf3 Ne5 17. Be2 Ng4 18. Bxg4 Bxg4 19. Qd4 Rxe3 20. Rxe3 Bxd1
21. Qxd1 b6 22. Qe2 Rd7 23. a4 c5 24. a5 Kb7 25. a6+ Kc6 26. Re6 b5 27. Qe4+ Kb6
28. Qd5 Qf8 29. b4 Qc8 30. Rxd6+ Kc7 31. Rc6+ Kd8 32. Qg8+ {Black resigns} 1-0

[Event "Team 45 45 League T68"]
[Site "Internet Chess Club"]
[Date "2016.03.13"]
[Round "1"]
[White "justice02"]
[Black "Packerfan"]
[Result "1/2-1/2"]
[WhiteElo "1631"]
[BlackElo "1737"]
[Opening "Ruy Lopez: Schliemann defense"]
[ECO "C63"]
[Time "14:15:25"]
[TimeControl "2700+45"]

1. e4 e5 2. Nf3 Nc6 3. Bb5 f5 4. exf5 e4 5. Bxc6 dxc6 6. Ne5 Nf6 7. d4 Bd6 8.
Nc4 Bxf5 9. Bg5 O-O 10. c3 Kh8 11. Nbd2 Qe8 12. Ne3 Bd7 13. Ndc4 Qg6 14. h4 h6
15. Nxd6 cxd6 16. Bf4 Ng4 17. g3 Nxe3 18. Bxe3 Bg4 19. Qb3 Rf7 20. Kd2 d5 21.
Rh2 Raf8 22. Rf1 h5 23. Qc2 Qf5 24. Qc1 Qf3 25. Qe1 b5 26. b4 Qf6 27. Kc2 a5 28.
a3 axb4 29. axb4 Ra7 30. Bc1 Ra2+ 31. Bb2 Rfa8 32. Qd2 Qf7 33. Rb1 Qa7 34. Qc1
e3 35. fxe3 Bf5+ 36. Kd2 Bxb1 37. Qxb1 Qa3 38. Kc1 Qb3 39. Rf2 Qc4 40. Qg6 Rxb2
41. Rxb2 Qxc3+ 42. Qc2 Qxe3+ 43. Kb1 Qe1+ 44. Qc1 Qxc1+ 45. Kxc1 Ra3 46. Rc2
Rxg3 47. Rxc6 Rg4 48. Rc5 Rxd4 49. Rxb5 Rxh4 50. Rxd5 Rxb4 51. Rxh5+ Kg8 52. Kd2
Re4 53. Kd3 Re8 54. Kd4 Kf7 55. Rf5+ Kg6 56. Rf2 Re7 57. Kd5 Kg5 58. Kd6 Re1 59.
Rg2+ Kf6 60. Rf2+ Kg5 61. Rg2+ Kh6 62. Rh2+ Kg6 63. Rg2+ Kf7 64. Rf2+ Kg8 65.
Rg2 Re4 66. Kd5 Re3 67. Kd6 Rf3 68. Ke6 Kh7 69. Rh2+ Kg6 70. Rg2+ Kh7 71. Rh2+
Kg8 72. Rg2 Rf6+ 73. Ke7 Kh7 74. Rh2+ Rh6 75. Rf2 g5 76. Kf7 g4 77. Rg2 Rg6 78.
Rh2+ Rh6 79. Rg2 Rh4 80. Kf6 Kh6 81. Kf5 Kh5 82. Rg3 {Game drawn by mutual
agreement} 1/2-1/2

[Event "Team 45 45 League T68"]
[Site "Internet Chess Club"]
[Date "2016.03.13"]
[Round "1"]
[White "Lrn2Mate"]
[Black "Grenadier"]
[Result "1-0"]
[WhiteElo "1618"]
[BlackElo "1596"]
[Opening "Old Indian: main line"]
[ECO "A55"]
[Time "22:00:52"]
[TimeControl "2700+45"]

1. d4 Nf6 2. c4 d6 3. Nc3 Nbd7 4. e4 e5 5. Nf3 exd4 6. Nxd4 Be7 7. Be2 Ne5 8.
O-O O-O 9. f4 Ned7 10. Be3 Nc5 11. Bf3 Ne6 12. Qc2 Nxd4 13. Bxd4 Rb8 14. Bxa7
Ra8 15. Bd4 b6 16. Rad1 Bb7 17. e5 Bxf3 18. Rxf3 dxe5 19. fxe5 Nd7 20. Rh3 g6
21. Qd2 Bg5 22. Be3 Bxe3+ 23. Qxe3 h5 24. Nd5 Qc8 25. Nf6+ Nxf6 26. exf6 Kh7 27.
Qg3 Qf5 28. Rf1 Qc5+ 29. Kh1 Qxc4 30. Rxh5+ Kg8 31. Rhf5 Ra5 32. R5f4 Qe2 33.
R4f2 Qh5 34. Qxc7 Qb5 35. Qf4 Qh5 36. Rf3 Rf5 37. Qe3 Re5 38. Qxb6 Rfe8 39. Qf2
Re2 40. Qd4 Qg5 41. R3f2 R2e4 42. Qd2 Qe5 43. Qh6 {Black resigns} 1-0

[Event "Team 45 45 League T68"]
[Site "Internet Chess Club"]
[Date "2016.03.12"]
[Round "1"]
[White "bmw2002"]
[Black "clarinetref"]
[Result "0-1"]
[WhiteElo "1500"]
[BlackElo "1642"]
[Opening "English: ultra-symmetrical variation"]
[ECO "A36"]
[Time "20:06:14"]
[TimeControl "2700+45"]

1. c4 c5 2. g3 g6 3. Bg2 Bg7 4. Nc3 Nc6 5. a3 e6 6. Rb1 Nge7 7. b4 cxb4 8. axb4
a6 9. Qa4 Rb8 10. b5 axb5 11. Nxb5 d5 12. Ba3 O-O 13. Bd6 Bd7 14. Bxb8 Qxb8 15.
Nf3 dxc4 16. Qxc4 Rc8 17. Qb3 e5 18. Ng5 Rf8 19. O-O h6 20. Ne4 Be6 21. Qa3 Rd8
22. d3 Nf5 23. Nc5 Bf8 24. Qb2 Bxc5 25. Rfc1 Bd4 26. Nxd4 Ncxd4 27. e3 Bd5 28.
Bxd5 Rxd5 29. exd4 Nxd4 30. Kf1 b5 31. Qb4 Qb7 32. Qc3 Rd8 33. Ke1 Qh1+ 34. Kd2
Qxh2 35. Ke3 Qg2 36. Qe1 Qf3+ 37. Kd2 Qf5 38. Qe3 Nf3+ 39. Ke2 Nd4+ 40. Kd2 Qe6
41. Rc3 Qa2+ 42. Kc1 Ne2+ 43. Qxe2 Qxe2 44. Rb2 Qe1+ {White resigns} 0-1

[Event "Team 45 45 League T68"]
[Site "Internet Chess Club"]
[Date "2016.03.09"]
[Round "1"]
[White "tryanything"]
[Black "GoIrish"]
[Result "1/2-1/2"]
[WhiteElo "1576"]
[BlackElo "1562"]
[Opening "King's Indian: London system"]
[ECO "A48"]
[Time "18:24:41"]
[TimeControl "2700+45"]

1. d4 Nf6 2. Nf3 g6 3. Bf4 Bg7 4. c3 O-O 5. e3 d6 6. Bd3 h6 7. h3 Nc6 8. Nbd2 e5
9. Bh2 Re8 10. dxe5 dxe5 11. Bc2 e4 12. Nd4 Nxd4 13. cxd4 Bf5 14. O-O Bf8 15.
Rc1 Bd6 16. Nc4 Bxh2+ 17. Kxh2 c6 18. Bb3 Nd5 19. a3 Nb6 20. Ne5 Nd5 21. Kg1 Be6
22. Qc2 Nf6 23. Bxe6 Rxe6 {Game drawn by mutual agreement} 1/2-1/2

[Event "Team 45 45 League T68"]
[Site "Internet Chess Club"]
[Date "2016.03.16"]
[Round "1"]
[White "Goli"]
[Black "AH2012"]
[Result "1-0"]
[WhiteElo "1720"]
[BlackElo "1689"]
[Opening "Ruy Lopez: exchange variation, 5.O-O"]
[ECO "C68"]
[Time "19:00:23"]
[TimeControl "2700+45"]

1. e4 e5 2. Nf3 Nc6 3. Bb5 a6 4. Bxc6 dxc6 5. O-O Bg4 6. h3 Bxf3 7. Qxf3 Nf6 8.
d3 h6 9. Qg3 Qd6 10. Nd2 b5 11. Nf3 Nd7 12. Nh4 g6 13. Kh1 O-O-O 14. f4 Qf6 15.
Nf3 Bd6 16. fxe5 Bxe5 17. Qf2 Bxb2 18. Bxb2 Qxb2 19. Rfb1 Qc3 20. a4 Nc5 21.
axb5 cxb5 22. Ng1 Rhf8 23. Ra2 f5 24. Ne2 Qe5 25. Qe3 fxe4 26. d4 Qd5 27. Rba1
Na4 28. Qxh6 Qh5 29. Qe3 Qd5 30. c3 Rf6 31. Rc2 Re8 32. c4 Qc6 33. Rac1 b4 34.
Qb3 a5 35. Ra1 Rf2 36. Qxa4 Qxa4 37. Rxa4 b3 38. Rb2 Ref8 39. Rxa5 Rf1+ 40. Kh2
R8f2 41. Re5 Ra1 42. Rxe4 Ra2 43. Rxb3 Rfxe2 44. Rxe2 Rxe2 45. Rc3 Re4 46. d5
Rd4 47. g4 Kd7 48. Kg3 Kd6 49. Kf3 g5 50. Kg3 Kc5 51. h4 gxh4+ 52. Kxh4 Kd6 53.
Kg5 Ke5 54. Re3+ Kd6 55. Re6+ Kd7 56. Rc6 Rd1 57. Kg6 Rg1 58. g5 Rg2 59. Kf6
Rf2+ 60. Kg7 Rg2 61. g6 Rg4 62. Kf7 Rf4+ 63. Rf6 Rxc4 64. g7 Rg4 65. g8=Q Rxg8
66. Kxg8 Ke7 67. Rc6 Kd7 68. Kf7 {Black resigns} 1-0

[Event "Team 45 45 League T68"]
[Site "Internet Chess Club"]
[Date "2016.03.12"]
[Round "1"]
[White "burnsy"]
[Black "Egmont"]
[Result "1-0"]
[WhiteElo "1609"]
[BlackElo "1708"]
[Opening "French: advance, Wade variation"]
[ECO "C02"]
[Time "08:00:35"]
[TimeControl "2700+45"]

1. e4 e6 2. d4 d5 3. e5 c5 4. c3 Qb6 5. Nf3 Bd7 6. a3 Bb5 7. Be2 Bxe2 8. Qxe2
Nc6 9. Be3 c4 10. O-O Nge7 11. Qc2 Na5 12. Nbd2 Nac6 13. Ng5 h6 14. Ngf3 a5 15.
a4 Ng6 16. Rab1 Be7 17. b3 cxb3 18. Rxb3 Qc7 19. Rfb1 Rb8 20. Qb2 Nd8 21. Qc2
O-O 22. h3 Qc6 23. Rb6 Qd7 24. R1b5 Ra8 25. Nb3 Qc7 26. Qb2 Qc4 27. Nxa5 Qxa4
28. Nxb7 Nxb7 29. Rxb7 Qd1+ 30. Kh2 Ba3 31. Qb1 Qa4 32. Rd7 Qc4 33. Rbb7 Qxc3
34. Qxg6 {Black resigns} 1-0

[Event "Team 45 45 League T68"]
[Site "Internet Chess Club"]
[Date "2016.03.13"]
[Round "1"]
[White "whiskeytown"]
[Black "tuantuan"]
[Result "1-0"]
[WhiteElo "1626"]
[BlackElo "1431"]
[Opening "Scotch game"]
[ECO "C45"]
[Time "15:01:41"]
[TimeControl "2700+45"]

1. e4 e5 2. Nf3 Nc6 3. d4 exd4 4. Nxd4 Nxd4 5. Qxd4 d6 6. Nc3 Nf6 7. Bd3 g6 8.
O-O Bg7 9. Bg5 O-O 10. Rfe1 Be6 11. f4 Nh5 12. Qxg7+ Kxg7 13. Bxd8 Rfxd8 14. g3
Nf6 15. f5 Bd7 16. e5 dxe5 17. fxg6 hxg6 18. Rxe5 Re8 19. Rae1 b6 20. Re7 Rxe7
21. Rxe7 Re8 22. Rxe8 Bxe8 23. Bb5 a5 24. Bxe8 Nxe8 25. Nd5 b5 26. Kf2 f5 27.
Ke3 Kf7 28. Kd4 Ke6 29. Nf4+ Kf6 30. Kc5 g5 31. Nd3 Ke6 32. Kxb5 Kd5 33. Kxa5
Ke4 34. Kb4 f4 35. gxf4 gxf4 36. a4 f3 37. Kc3 Ng7 38. a5 Ne6 39. b4 Nf4 40.
Nf2+ Ke3 41. Ng4+ Ke2 42. a6 Ng2 43. a7 Ne3 44. Nxe3 Kxe3 45. a8=Q f2 46. Qf8
Ke2 47. h4 {Black resigns} 1-0

[Event "Team 45 45 League T68"]
[Site "Internet Chess Club"]
[Date "2016.03.12"]
[Round "1"]
[White "arnav07"]
[Black "HappySong"]
[Result "0-1"]
[WhiteElo "1525"]
[BlackElo "1470"]
[Opening "Ruy Lopez: Berlin defense, open variation"]
[ECO "C67"]
[Time "19:26:45"]
[TimeControl "2700+45"]

1. e4 e5 2. Nf3 Nc6 3. Bb5 Nf6 4. O-O Nxe4 5. Re1 Nd6 6. Bxc6 dxc6 7. Nxe5 Be7
8. d4 O-O 9. Nc3 Bf6 10. Bf4 Re8 11. Qd2 Be6 12. Na4 Bd5 13. b3 Ne4 14. Qd3 b5
15. Nb2 Bxe5 16. Bxe5 f6 17. Bf4 Nd6 18. Qc3 Qd7 19. Nd3 a5 20. Nc5 Qg4 21. Bg3
b4 22. Qd2 Nf5 23. Red1 Nh4 24. Qf4 Qxf4 25. Bxf4 Nxg2 26. Bxc7 Re2 27. Rac1 Nh4
28. Bg3 Nf3+ 29. Kf1 Rae8 30. Nd3 g5 31. h3 Nxd4 32. Ne1 Nf3 33. Nxf3 Bxf3 34.
Re1 Bg2+ 35. Kxg2 Rxe1 36. Rxe1 Rxe1 {White resigns} 0-1

[Event "Team 45 45 League T68"]
[Site "Internet Chess Club"]
[Date "2016.03.15"]
[Round "1"]
[White "kaiclc"]
[Black "ticopatzer"]
[Result "1-0"]
[WhiteElo "1207"]
[BlackElo "1722"]
[Opening "Ruy Lopez: closed defense"]
[ECO "C87"]
[Time "19:00:20"]
[TimeControl "2700+45"]

1. e4 e5 2. Nf3 Nc6 3. Bb5 a6 4. Ba4 Nf6 5. O-O Be7 6. Re1 O-O 7. Bxc6 dxc6 8.
Nxe5 Qd6 9. Nf3 Bg4 10. e5 Qd5 11. Nc3 Qc5 12. exf6 Bxf6 13. Ne4 Qf5 14. Ng3 Qg6
15. d3 Rfe8 16. Rxe8+ Rxe8 17. Be3 Bxb2 18. Rb1 Qf6 19. Ne4 Bxf3 20. Nxf6+ gxf6
21. Qxf3 {Black resigns} 1-0

[Event "Team 45 45 League T68"]
[Site "Internet Chess Club"]
[Date "2016.03.13"]
[Round "1"]
[White "rayonline53"]
[Black "Portola"]
[Result "1-0"]
[WhiteElo "1440"]
[BlackElo "1731"]
[Opening "QGD: 4.Nf3"]
[ECO "D37"]
[Time "08:00:17"]
[TimeControl "2700+45"]

1. d4 d5 2. c4 e6 3. Nc3 Nf6 4. Nf3 Be7 5. e3 Nbd7 6. Bd3 O-O 7. O-O b6 8. b3
Bb7 9. Bb2 c5 10. Re1 a6 11. Rc1 Re8 12. e4 dxe4 13. Nxe4 Nxe4 14. Bxe4 Bxe4 15.
Rxe4 Nf6 16. Re2 cxd4 17. Bxd4 Qc7 18. Qc2 Rac8 19. Qb2 Qb7 20. h3 Red8 21. Bc3
Rd7 22. Rd2 Rxd2 23. Nxd2 Rd8 24. Nf3 Ne8 25. Qc2 Bf6 26. Bxf6 Nxf6 27. Rd1 Qc7
28. Rxd8+ Qxd8 29. Qd2 Qxd2 30. Nxd2 Kf8 31. Kf1 Ke7 32. Ke2 Kd6 33. Ke3 Kc5 34.
a3 a5 35. Kd3 h6 36. Kc3 e5 37. f3 Nh5 38. b4+ axb4+ 39. axb4+ Kc6 40. h4 g6 41.
g4 Nf4 42. Ne4 Ng2 43. h5 gxh5 44. gxh5 f5 45. Nf6 Nf4 46. Ng8 Kd6 47. Nxh6 Nxh5
48. Nxf5+ Ke6 49. Ne3 Nf4 50. Kd2 Kd6 51. Nf5+ Ke6 52. Ng3 Kf6 53. Ne4+ Ke6 54.
b5 Ng6 55. Kc3 Nf4 56. Kb3 Nd3 57. Kc3 Ne1 58. Nd2 Kd6 59. Kb3 Nd3 60. Ne4+ Kc7
61. Ng5 Kd6 62. Kc3 Nf4 63. Ne4+ Kc7 64. Kb4 Nd3+ 65. Ka4 Ne1 66. Nd2 Nd3 67.
Kb3 Kd6 68. Kc3 Nf4 69. Ne4+ Kc7 70. Kd2 Ne6 71. Ke3 Nf4 72. Ng5 Kd6 73. Nf7+
Ke6 74. Nd8+ Kd6 75. Nc6 Ng6 76. Ke4 Ke6 77. Nb4 Kd6 78. Nd3 Ke6 79. c5 bxc5 80.
Nxc5+ Kd6 81. b6 Ne7 82. b7 Nc6 83. Na6 {Black resigns} 1-0

[Event "Team 45 45 League T68"]
[Site "Internet Chess Club"]
[Date "2016.03.10"]
[Round "1"]
[White "nealbruce"]
[Black "evan7284"]
[Result "0-1"]
[WhiteElo "1584"]
[BlackElo "1710"]
[Opening "Petrov: Nimzovich attack"]
[ECO "C42"]
[Time "15:00:52"]
[TimeControl "2700+45"]

1. e4 e5 2. Nf3 Nf6 3. Nxe5 d6 4. Nf3 Nxe4 5. Nc3 Nxc3 6. dxc3 Be7 7. Bf4 O-O 8.
Bd3 Re8 9. Qd2 Bg5+ 10. Be2 Bxf4 11. Qxf4 Qe7 12. Qd2 Nc6 13. Kd1 Be6 14. Re1 h6
15. Kc1 Qf6 16. b3 a5 17. Bb5 Reb8 18. Nd4 Nxd4 19. cxd4 c5 20. c3 cxd4 21. Qxd4
Qg5+ 22. Kb2 Qxb5 23. Qxd6 Rd8 24. Qf4 a4 25. c4 a3+ 26. Kc3 Bxc4 27. Re5 Rd3+
28. Kc2 Bxb3+ 29. Kb1 Bc2+ 30. Kxc2 Rc8+ 31. Rc5 Rxc5+ 32. Qc4 Qxc4+ 33. Kb1
Rd1# {White checkmated} 0-1

[Event "Team 45 45 League T68"]
[Site "Internet Chess Club"]
[Date "2016.03.15"]
[Round "1"]
[White "werty"]
[Black "mongmong"]
[Result "1-0"]
[WhiteElo "1608"]
[BlackElo "1529"]
[Opening "Queen's pawn"]
[ECO "A40"]
[Time "17:02:35"]
[TimeControl "2700+45"]

1. d4 e6 2. Bf4 Nf6 3. Nf3 b6 4. e3 Bb7 5. Nbd2 d6 6. Bd3 Nbd7 7. h3 g6 8. O-O
Bg7 9. Re1 O-O 10. c3 Qe7 11. e4 c5 12. e5 dxe5 13. dxe5 Nd5 14. Bg3 Nc7 15. Be4
Bxe4 16. Nxe4 Rad8 17. Qe2 Ne8 18. Rad1 h6 19. Rd2 Nb8 20. Red1 Rxd2 21. Rxd2
Qc7 22. Qd3 h5 23. Qd8 Bh6 24. Nf6+ Kg7 25. Nxe8+ {Black resigns} 1-0

[Event "Team 45 45 League T68"]
[Site "Internet Chess Club"]
[Date "2016.03.13"]
[Round "1"]
[White "bradleyguo175"]
[Black "JefferyChess"]
[Result "0-1"]
[WhiteElo "1676"]
[BlackElo "1858"]
[Opening "QGD: Ragozin variation"]
[ECO "D38"]
[Time "19:00:40"]
[TimeControl "2700+45"]

1. d4 Nf6 2. c4 e6 3. Nf3 d5 4. Nc3 Bb4 5. Bg5 O-O 6. e3 b6 7. cxd5 exd5 8. Bd3
Bb7 9. O-O h6 10. Bh4 Re8 11. Rc1 Nbd7 12. Qa4 Be7 13. Qc2 c5 14. Bf5 Qc7 15.
Bg3 Qc6 16. Rfd1 Bd6 17. dxc5 Bxg3 18. hxg3 bxc5 19. b3 Ne5 20. Na4 c4 21. Nxe5
Rxe5 22. Bh3 g5 23. g4 h5 24. g3 d4 25. e4 Rxe4 26. Kh2 Nxg4+ 27. Bxg4 Rxg4 28.
Rg1 h4 29. Qxc4 hxg3+ 30. fxg3 Qh6# {White checkmated} 0-1

[Event "Team 45 45 League T68"]
[Site "Internet Chess Club"]
[Date "2016.03.10"]
[Round "1"]
[White "Bizzy-Ketty"]
[Black "Patter"]
[Result "1/2-1/2"]
[WhiteElo "1632"]
[BlackElo "1586"]
[Opening "Sicilian: Alapin's variation (2.c3)"]
[ECO "B22"]
[Time "19:25:02"]
[TimeControl "2700+45"]

1. e4 c5 2. c3 d5 3. exd5 Nf6 4. d4 Nxd5 5. Nf3 e6 6. Bb5+ Bd7 7. Bxd7+ Nxd7 8.
O-O Be7 9. Nbd2 cxd4 10. Nxd4 O-O 11. Ne4 a6 12. c4 N5f6 13. Qe2 Qc7 14. b3 Rfd8
15. Ng5 h6 16. Ndxe6 Qe5 17. Qxe5 Nxe5 18. Nxd8 Rxd8 19. Nh3 Ne4 20. Bf4 Nd3 21.
Rad1 Nc3 22. Bc7 Rd7 23. Ba5 Nxd1 24. Rxd1 g5 25. Kf1 f5 26. Ke2 Ne5 27. Rxd7
Nxd7 28. f3 Kf7 29. Kd3 Ke6 30. f4 g4 31. Nf2 h5 32. Nd1 Nc5+ 33. Ke3 Ne4 34.
Nc3 Bc5+ 35. Ke2 h4 36. Nxe4 fxe4 37. h3 Kf5 38. Bc7 gxh3 39. gxh3 Be7 40. Be5
Bc5 41. Bc7 Be7 42. a4 Bf6 {Game drawn by mutual agreement} 1/2-1/2

[Event "Team 45 45 League T68"]
[Site "Internet Chess Club"]
[Date "2016.03.11"]
[Round "1"]
[White "drsigmund1"]
[Black "viktory"]
[Result "1-0"]
[WhiteElo "1516"]
[BlackElo "1691"]
[Opening "Queen's bishop game"]
[ECO "D02"]
[Time "20:01:41"]
[TimeControl "2700+45"]

1. d4 d5 2. Nf3 Nf6 3. Bf4 Bf5 4. e3 e6 5. Be2 Nbd7 6. Nbd2 c5 7. c3 Nh5 8. Bg5
Be7 9. Bxe7 Qxe7 10. Ne5 Nxe5 11. dxe5 g6 12. g4 Ng7 13. Qa4+ Kd8 14. gxf5 Nxf5
15. O-O-O a6 16. Qa5+ Kd7 17. e4 dxe4 18. Nxe4+ Kc6 19. Bf3 Rhd8 20. Nf6+ Rd5
21. Nxd5 exd5 22. Bxd5+ Kd7 23. Bxb7+ Ke8 24. Bxa8 Qg5+ 25. Kb1 Ne3 26. Bc6+ Kf8
27. Qd8+ Qxd8 28. Rxd8+ Ke7 29. Rd7+ Ke6 30. fxe3 Kxe5 31. Rf1 f5 32. e4 f4 33.
Rxh7 a5 34. Rh4 a4 35. Rhxf4 a3 36. b3 c4 37. b4 Ke6 38. b5 Ke5 39. b6 g5 40.
Rf5+ Ke6 41. Bd5+ Ke7 42. b7 g4 43. Rf7+ Kd6 44. R1f6+ Kc5 45. Rc6+ Kb5 46.
b8=Q+ Ka4 47. Ra7# {Black checkmated} 1-0

[Event "Team 45 45 League T68"]
[Site "Internet Chess Club"]
[Date "2016.03.11"]
[Round "1"]
[White "DarthDaver"]
[Black "Intemperate"]
[Result "1/2-1/2"]
[WhiteElo "2017"]
[BlackElo "2154"]
[Opening "Sicilian: O'Kelly variation"]
[ECO "B28"]
[Time "14:10:39"]
[TimeControl "2700+45"]

1. e4 c5 2. Nf3 a6 3. d4 cxd4 4. Nxd4 Nf6 5. Bd3 Nc6 6. Nxc6 bxc6 7. O-O e5 8.
c4 Bc5 9. Qe2 d6 10. Be3 Qb6 11. Bxc5 Qxc5 12. Nc3 Bg4 13. Qc2 O-O 14. h3 Be6
15. Rfd1 Rfd8 16. Na4 Qa7 17. Rac1 Rab8 18. b3 a5 19. c5 d5 20. exd5 cxd5 21. c6
Qc7 22. Qb2 d4 23. Re1 Bd5 24. Nc5 Rb6 25. Nd7 Rxc6 26. Rxc6 Bxc6 27. Nxe5 Bd5
28. Nc4 Be6 29. Qa3 Rd5 30. Qb2 Qf4 31. Qd2 Qc7 32. Qb2 {Game drawn by mutual
agreement} 1/2-1/2

[Event "Team 45 45 League T68"]
[Site "Internet Chess Club"]
[Date "2016.03.12"]
[Round "1"]
[White "ShootStraight"]
[Black "alexping"]
[Result "0-1"]
[WhiteElo "1928"]
[BlackElo "1914"]
[Opening "Budapest defense"]
[ECO "A52"]
[Time "11:35:51"]
[TimeControl "2700+45"]

1. d4 Nf6 2. c4 e5 3. dxe5 Ng4 4. e3 Nxe5 5. Nc3 g6 6. f4 Nec6 7. Bd3 Bg7 8.
Nge2 d6 9. O-O Nd7 10. a3 Nc5 11. e4 Bg4 12. h3 Bxe2 13. Nxe2 Nd4 14. Rb1 Nxe2+
15. Qxe2 Nxd3 16. Qxd3 O-O 17. Be3 Re8 18. Bd4 b6 19. Bxg7 Kxg7 20. b4 a5 21.
Rfe1 axb4 22. axb4 Qf6 23. Rf1 Ra2 24. Rf3 Ra1 25. Rbf1 Rxf1+ 26. Rxf1 Ra8 27.
Qd5 Ra1 28. Rxa1 Qxa1+ 29. Kh2 Qf6 30. Qd2 h5 31. g3 Kf8 32. b5 Ke7 33. Qd5 h4
34. Qc6 Qb2+ 35. Kg1 hxg3 36. Qxc7+ Kf8 37. Qxd6+ Kg8 38. Qd8+ Kg7 39. Qxb6 Qh2+
40. Kf1 g2+ {White resigns} 0-1

[Event "Team 45 45 League T68"]
[Site "Internet Chess Club"]
[Date "2016.03.12"]
[Round "1"]
[White "TheRailgun"]
[Black "Crisco"]
[Result "1-0"]
[WhiteElo "1810"]
[BlackElo "1751"]
[Opening "Robatsch (modern) defense"]
[ECO "B06"]
[Time "10:45:10"]
[TimeControl "2700+45"]

1. e4 g6 2. d4 Bg7 3. Nc3 d6 4. Be3 a6 5. Qd2 b5 6. h4 h5 7. f3 Nd7 8. O-O-O Bb7
9. Nh3 b4 10. Ne2 a5 11. Ng3 Ba6 12. Bxa6 Rxa6 13. Ng5 Qb8 14. Qd3 Ra8 15. Qc4
Nh6 16. Qc6 Qc8 17. Rhe1 O-O 18. Bf4 e5 19. Be3 exd4 20. Bxd4 Ne5 21. Qd5 Qa6
22. f4 c6 23. Qxd6 Rfd8 24. Qc7 Rd7 25. Qb6 Qxb6 26. Bxb6 Rxd1+ 27. Rxd1 Nc4 28.
Bd4 Bxd4 29. Rxd4 Ne3 30. Rd2 Neg4 31. b3 a4 32. Kb2 axb3 33. axb3 c5 34. f5
gxf5 35. exf5 Ne3 36. f6 c4 37. Re2 Nd1+ 38. Kc1 Nc3 39. Re7 Ra1+ 40. Kd2 Rd1+
41. Ke3 Ng4+ 42. Kf3 Nh2+ 43. Kf4 Nd5+ 44. Kf5 Nxe7+ 45. fxe7 Re1 46. N5e4 Rxe4
47. Nxe4 cxb3 48. e8=Q+ Kg7 49. Qe5+ Kf8 50. Qxh2 bxc2 51. Qg1 b3 52. Qc1 Kg8
53. Nc5 Kh7 54. Nxb3 f6 55. Qxc2 Kh6 56. Qc6 Kh7 57. Qxf6 Kg8 58. Qe7 Kh8 59.
Kg6 {Black resigns} 1-0

[Event "Team 45 45 League T68"]
[Site "Internet Chess Club"]
[Date "2016.03.09"]
[Round "1"]
[White "CaptK"]
[Black "Capt-Morgan"]
[Result "0-1"]
[WhiteElo "1865"]
[BlackElo "1833"]
[Opening "King's Indian: London system"]
[ECO "A48"]
[Time "11:02:38"]
[TimeControl "2700+45"]

1. d4 Nf6 2. Nf3 g6 3. Bf4 Bg7 4. e3 d6 5. h3 O-O 6. Be2 b6 7. O-O c5 8. c4 Bb7
9. Nc3 a6 10. a3 Nbd7 11. b4 Ne8 12. Rc1 Nc7 13. bxc5 bxc5 14. Na4 Ne6 15. Bh2
cxd4 16. exd4 Qa5 17. d5 Nec5 18. Nxc5 Nxc5 19. Rb1 Qxa3 20. Nd4 Qc3 21. Nb3 Ne4
22. Bd3 Nf6 23. Qe2 Bc8 24. Rfc1 Qb4 25. Qxe7 Ne8 26. c5 Bf6 27. Qe2 dxc5 28.
Nxc5 Qa3 29. Be4 Ra7 30. Bb8 Re7 31. d6 Rd7 32. Nxd7 Bxd7 33. Rd1 Ng7 34. Qc4
Bb5 35. Qc7 Ne6 36. Qa7 Qa4 37. Bd5 Bd4 38. Qa8 Nf4 39. Bf3 Nd3 40. Qe4 Bxf2+
41. Kh1 Qxe4 42. Bxe4 Nc5 43. Bf3 Rxb8 44. Bc6 Ne6 45. d7 Bh4 46. Bxb5 axb5 47.
Rbc1 Rd8 48. Rc8 Kf8 49. Rb1 Ke7 50. Rxd8 Kxd8 51. Rxb5 Kxd7 52. Rb7+ Nc7 53.
Kh2 Be7 54. g3 Bd6 55. Kg2 Ke6 56. Kf3 Nd5 57. Rb1 h5 58. Re1+ Be5 59. Rb1 f6
60. Rb5 Nc3 61. Ra5 Nd5 62. Ke4 f5+ 63. Kf3 Bd6 64. g4 Nf4 65. gxf5+ gxf5 66.
Kg3 Ng6+ 67. Kf3 Ne5+ 68. Kg2 f4 69. Ra6 Kd5 70. Ra8 f3+ 71. Kf2 Bc5+ 72. Kf1 h4
73. Rh8 Nc4 74. Rh5+ Kd6 75. Rh6+ Ke7 76. Rh7+ Kf6 77. Rd7 Ne3+ 78. Ke1 Ng2+ 79.
Kf1 Ke5 80. Rc7 Bd4 81. Re7+ Kf4 82. Rd7 Ne3+ 83. Kg1 Nf5+ 84. Kh2 Ke3 85. Rf7
Nd6 86. Re7+ Ne4 87. Rf7 Nd2 88. Re7+ Kd3 89. Rf7 Ke2 90. Re7+ Be3 91. Rf7 Ne4
92. Rf8 Nf2 93. Re8 Nd3 94. Ra8 f2 95. Ra1 Ne1 96. Ra2+ Bd2 97. Ra3 Bf4+ {White
resigns} 0-1

[Event "Team 45 45 League T68"]
[Site "Internet Chess Club"]
[Date "2016.03.14"]
[Round "1"]
[White "JJ12"]
[Black "Jack-ONeill"]
[Result "1-0"]
[WhiteElo "2136"]
[BlackElo "2013"]
[Opening "French: Tarrasch, open variation"]
[ECO "C07"]
[Time "12:00:30"]
[TimeControl "2700+45"]

1. e4 e6 2. d4 d5 3. Nd2 c5 4. exd5 Qxd5 5. Ngf3 cxd4 6. Bc4 Qd6 7. O-O Nf6 8.
Nb3 Nc6 9. Nbxd4 Nxd4 10. Nxd4 a6 11. Re1 Qc7 12. Bb3 Bd7 13. Qf3 O-O-O 14. Bg5
Bd6 15. h3 Be5 16. Be3 Kb8 17. Rad1 Rhg8 18. Qe2 Bh2+ 19. Kh1 Bf4 20. c3 Bxe3
21. Qxe3 Bc8 22. Nf3 b5 23. a4 bxa4 24. Bxa4 Bb7 25. Nd4 Nd5 26. Qe5 Qxe5 27.
Rxe5 Kc7 28. Kg1 Nf4 29. f3 Rd5 30. Rxd5 Bxd5 31. Kf2 Rb8 32. b4 Kb6 33. Nb3
Bxb3 34. Bxb3 Kc7 35. Rd4 e5 36. Rc4+ Kd6 37. Ba4 Rb6 38. Rc8 Ke7 39. h4 Rd6 40.
g3 Nh5 41. Rc7+ Kd8 42. Rxf7 Rd2+ 43. Ke3 Ra2 44. Bc6 Nxg3 45. Kd3 Rh2 46. Rxg7
{Black resigns} 1-0

[Event "Team 45 45 League T68"]
[Site "Internet Chess Club"]
[Date "2016.03.12"]
[Round "1"]
[White "Ptzz"]
[Black "LarsenB"]
[Result "1-0"]
[WhiteElo "2050"]
[BlackElo "1870"]
[Opening "Benoni: 6.e4"]
[ECO "A65"]
[Time "10:00:56"]
[TimeControl "2700+45"]

1. d4 Nf6 2. c4 c5 3. d5 e6 4. Nc3 exd5 5. cxd5 d6 6. e4 g6 7. Bd3 Bg7 8. h3 O-O
9. Nf3 b5 10. Bxb5 Nxe4 11. Nxe4 Qa5+ 12. Nfd2 Qxb5 13. Nxd6 Qa6 14. N2c4 Nd7
15. O-O Nb6 16. Nxb6 Qxb6 17. Nxc8 Raxc8 18. Rb1 Rfd8 19. Bf4 Qb7 20. d6 Bf8 21.
Qd3 Rc6 22. Rfd1 Qb4 23. Qf3 Qb6 24. Rd2 Rcxd6 25. Bxd6 Rxd6 26. Rxd6 Qxd6 27.
Rd1 Qb6 28. b3 h5 29. Qd5 Be7 30. Qd7 Bf6 31. Qd6 Bd4 32. Qxb6 axb6 33. Kf1
{Black resigns} 1-0

[Event "Team 45 45 League T68"]
[Site "Internet Chess Club"]
[Date "2016.03.13"]
[Round "1"]
[White "passedpawn"]
[Black "Holgate"]
[Result "1-0"]
[WhiteElo "1833"]
[BlackElo "1985"]
[Opening "King's Indian: London system"]
[ECO "A48"]
[Time "15:00:41"]
[TimeControl "2700+45"]

1. d4 Nf6 2. Nf3 g6 3. Bf4 Bg7 4. e3 O-O 5. Be2 d6 6. O-O Nh5 7. Bg3 Nxg3 8.
hxg3 e5 9. dxe5 dxe5 10. c3 Qe7 11. Nbd2 Be6 12. Qc1 Nd7 13. Rd1 c5 14. Ne4 Rad8
15. Qd2 Nb6 16. Qc2 f5 17. Neg5 Bd5 18. e4 Bf7 19. exf5 gxf5 20. Qxf5 {Black
resigns} 1-0